 Dungeon Sprint DCSS version 0.18-a0-750-g37044d6 (webtiles) character file.

21 kosy22 the Skirmisher (level 2, -1/31 HPs)
             Began as a Troll Fighter on Dec 11, 2015.
             Was an Initiate of Pakellas.
             Slain by a hill giant
             ... wielding a +0 giant club
              (20 damage)
             ... in the Dungeon (Sprint IX: "|||||||||||||||||||||||||||||").
             The game lasted 00:01:11 (97 turns).

kosy22 the Skirmisher (Troll Fighter)                 Turns: 97, Time: 00:01:11

Health: -1/31      AC:  7    Str: 26    XL:     2   Next: 62%
Magic:  1/10       EV:  8    Int:  4    God:    Pakellas [......]
Gold:   0          SH:  9    Dex:  9    Spells: 0 memorised, 1 level left

rFire  . . .     SeeInvis +     o - +2 scimitar "Uzyikkub" {slice, *Drain rC+++ MP+9 SInv}
rCold  + + +     Clarity  .     a - +0 robe
rNeg   . . .     SustAt   .     b - +0 shield
rPois  .         Gourm    +     (helmet restricted)
rElec  .         Spirit   .     (no cloak)
rCorr  .         Dismiss  .     (gloves unavailable)
rMut   .         NoTele   +     (boots unavailable)
MR     .....                    (no amulet)
Stlth  +.........               p - +2 ring of protection
                                q - +3 ring of strength

@: not resistant to hostile enchantments, very unstealthy
A: unfitting armour, claws 3, fast metabolism 3, gourmand, regeneration 2,
shaggy fur 1, tough skin 2
a: Renounce Religion


You were in the Dungeon.
You worshipped Pakellas.
Pakellas was noncommittal.
You were not hungry.

You visited 1 branch

Inventory:

Hand Weapons
 o - the +2 scimitar "Uzyikkub" (weapon) {slice, *Drain rC+++ MP+9 SInv}
   (You found it in the Dungeon)

   It inflicts extra damage upon your enemies.
   It renders you almost immune to cold.
   It affects your magic capacity (+9).
   It lets you see invisible.
   It causes draining when unequipped.
Armour
 a - a +0 robe (worn)
 b - a +0 shield (worn)
Jewellery
 p - a +2 ring of protection (right claw)
 q - a +3 ring of strength (left claw)
Wands
 n - a wand of cold (7)
Scrolls
 j - 2 scrolls of blinking
 l - 3 scrolls of remove curse
 m - 2 scrolls of amnesia
Potions
 c - a potion of might
 e - 5 potions of curing
 f - 3 potions of heal wounds
 g - a potion of haste
 h - 4 potions of magic
 i - a potion of berserk rage
 k - a potion of invisibility
Comestibles
 d - 2 bread rations


   Skills:
 + Level 3.4 Fighting
 + Level 3.3 Dodging
 + Level 3.4 Shields
 + Level 2.4 Unarmed Combat


You had one spell level left.
You didn't know any spells.

Dungeon Overview and Level Annotations

Branches:
Dungeon (1/1)

Altars:
Cheibriados
Dithmenos
Elyvilon
Fedhas
Gozag
Kikubaaqudgha
Makhleb
Nemelex Xobeh
Okawaru
Pakellas
Qazlal
Ru
Sif Muna
Trog
Vehumet
Xom
Yredelemnul
Zin
The Shining One
Beogh
Jiyva
Lugonu


Innate Abilities, Weirdness & Mutations

You are too large for most types of armour.
You have claws for hands.
Your metabolism is lightning-fast.
You like to eat raw meat.
You heal very quickly.
You are covered in fur (AC +1).
You have very tough skin (AC +2).


Message History

You see here a +2 ring mail.
p - a +2 ring of protection
q - a +3 ring of strength You feel stronger.
q - a +3 ring of strength (left claw)
p - a +2 ring of protection (right claw)
You open the door. 2 giant frogs, a sky beast, a centaur, a two-headed ogre and a hill giant come into view.
The centaur wields a shortbow.
The centaur shoots an arrow.
You block the arrow.
The centaur shoots an arrow.
The arrow hits you.
The giant frog croaks.
The centaur unwields an uncursed shortbow.
You block the centaur's attack.
There is an open door to the Dungeon here.
You hit the centaur but do no damage. The centaur hits you!
The sky beast flickers out of sight for a moment.
You hit the hill giant but do no damage.
The hill giant hits you with a giant club!!
Ouch! That really hurt!
You die...

▓+▓
▓F▓
▓F▓
▓O▓
▓Y▓
▓c▓
▓C▓
▓@▓
▓(▓
▓.▓
▓[▓
▓[▓
▓[▓
▓)▓
▓|▓
▓.▓


You could see a hill giant, a two-headed ogre, a sky beast (invisible), 2 giant
frogs and a centaur.

Vanquished Creatures
  An adder (D)
  An ooze (D)
  An orc (D)
  A goblin (D)
  A quokka (D)
  A ball python (D)
  A bat (D)
  A giant newt (D)
  A quokka skeleton (D)
  A rat (D)
10 creatures vanquished.

Notes
Turn   | Place    | Note
--------------------------------------------------------------
     0 | D        | kosy22 the Troll Fighter began the quest for the Orb.
     0 | D        | Reached XP level 1. HP: 22/22 MP: 0/0
     7 | D        | Reached skill level 3 in Fighting
    12 | D        | Reached XP level 2. HP: 22/31 MP: 1/1
    46 | D        | Found a glowing silver altar of Zin.
    46 | D        | Found a glowing golden altar of the Shining One.
    46 | D        | Found an ancient bone altar of Kikubaaqudgha.
    46 | D        | Found a basalt altar of Yredelemnul.
    46 | D        | Found a shimmering altar of Xom.
    46 | D        | Found a radiant altar of Vehumet.
    47 | D        | Found an iron altar of Okawaru.
    48 | D        | Found a burning altar of Makhleb.
    49 | D        | Found a deep blue altar of Sif Muna.
    50 | D        | Found a bloodstained altar of Trog.
    51 | D        | Found a sparkling altar of Nemelex Xobeh.
    52 | D        | Found a white marble altar of Elyvilon.
    53 | D        | Found a roughly hewn altar of Beogh.
    54 | D        | Found a viscous altar of Jiyva.
    55 | D        | Found a corrupted altar of Lugonu.
    56 | D        | Found a blossoming altar of Fedhas.
    57 | D        | Found a snail-covered altar of Cheibriados.
    58 | D        | Found a shadowy altar of Dithmenos.
    59 | D        | Found a stormy altar of Qazlal.
    60 | D        | Found an opulent altar of Gozag.
    61 | D        | Found a sacrificial altar of Ru.
    62 | D        | Found an oddly glowing altar of Pakellas.
    70 | D        | Became a worshipper of Pakellas the Inventive
    80 | D        | Got the +2 scimitar "Uzyikkub" {slice, *Drain rC+++ MP+9 SInv}
    94 | D        | Noticed a giant frog
    94 | D        | Noticed a giant frog
    94 | D        | Noticed a two-headed ogre
    94 | D        | Noticed a hill giant
    94 | D        | Noticed a sky beast
    94 | D        | Noticed a centaur
    97 | D        | Slain by a hill giant

Vault maps used:
D:        linesprint

Action                   || total
-------------------------++-------
Melee: Unarmed           ||    17
       Scimitar          ||     2
